 Dungeon Crawl Stone Soup version 0.27-a0-604-g29a88b33a7 (webtiles) character file.

Game seed: 9885047807356940899

114 EnegeticOcto the Twirler (level 5, -5/34 HPs)
             Began as a Halfling Gladiator on Mar 12, 2021.
             Was an Initiate of Elyvilon.
             Slain by Grinder (8 damage)
             ... on level 4 of the Dungeon.
             The game lasted 00:03:14 (686 turns).

EnegeticOcto the Twirler (Halfling Gladiator)        Turns: 686, Time: 00:03:15

Health: -5/34      AC:  8    Str: 15    XL:     5   Next: 19%
Magic:  5/5        EV: 15    Int:  7    God:    Elyvilon [......]
Gold:   96         SH:  0    Dex: 16    Spells: 4/4 levels left

rFire    . . .     SeeInvis .   a - +0 quarterstaff
rCold    . . .     Faith    .   (shield currently unavailable)
rNeg     . . .     Spirit   .   b - +0 leather armour
rPois    .         Reflect  .   c - +0 helmet
rElec    .         Harm     .   l - +0 cloak
rCorr    .         Rampage  .   h - +2 pair of gloves
Will     .....                  (no boots)
Stlth    +.........             (no amulet)
HPRegen  0.11/turn              (no ring)
MPRegen  0.09/turn              (no ring)

@: no status effects
A: small, mutation resistance 1
a: Renounce Religion


You were on level 4 of the Dungeon.
You worshipped Elyvilon.
Elyvilon was noncommittal.
You visited 1 branch of the dungeon, and saw 4 of its levels.

You collected 96 gold pieces.

Inventory:

Hand Weapons
 a - a +0 quarterstaff (weapon)
Missiles
 f - 38 stones (quivered)
Armour
 b - a +0 leather armour (worn)
 c - a +0 helmet (worn)
 h - a +2 pair of gloves (worn)
   (You found it on level 2 of the Dungeon)
 l - a +0 cloak (worn)
   (You found it on level 3 of the Dungeon)
Scrolls
 e - a scroll of immolation {unknown}
 g - a scroll of identify {unknown}
 i - a scroll of noise {unknown}
 j - a scroll of teleportation {unknown}
 m - a scroll of magic mapping {unknown}


   Skills:
 + Level 2.1 Fighting
 * Level 4.3 Staves
 - Level 2.1 Throwing
 - Level 3.3 Dodging


You had 4 spell levels left.
You didn't know any spells.
Your spell library was empty.

Dungeon Overview and Level Annotations

Branches:
Dungeon (4/15)
 Temple: D:4-7

Altars:
Ashenzari
Cheibriados
Elyvilon
Qazlal
Trog
Yredelemnul

Annotations:
D:4 Grinder


Innate Abilities, Weirdness & Mutations

You are small and have problems with some larger weapons.
You are somewhat resistant to further mutation.


Message History

Found an escape hatch in the ceiling.
There is an escape hatch in the ceiling here.
You open the large door. You open the door.
There is an open door here.
Grinder comes into view.
Grinder shouts!
Grinder blinks!
You barely miss Grinder.
Grinder blinks!
Okay, then.
It was a potion of curing.
You feel better.
Throw: 3 throwing nets {!f}
Press: ? - help, Q - select action, (/) - cycle Shift-Dir - straight line, f - Grinder
Aim: Grinder (58% to hit)
You throw a throwing net {!f}.
The throwing net {!f} closely misses Grinder.
Grinder barely misses you.
Throw: 2 throwing nets {!f}
Press: ? - help, Q - select action, (/) - cycle Shift-Dir - straight line, f/p - Grinder
Aim: Grinder (58% to hit)
You throw a throwing net {!f}.
The throwing net {!f} closely misses Grinder.
Throw: throwing net {!f}
Press: ? - help, Q - select action, (/) - cycle Shift-Dir - straight line, f/p - Grinder
Aim: Grinder (58% to hit)
You throw a throwing net {!f}. The throwing net {!f} hits Grinder.
Grinder is caught in the net!
Grinder struggles against the net.
You catch the helpless Grinder completely off-guard!
You sock Grinder!
Grinder is moderately wounded.
Grinder gestures at you.
You barely resist.
Grinder struggles against the net.
You hit Grinder.
Grinder is moderately wounded.
Grinder gestures at you. You resist with significant effort.
Grinder struggles against the net.
You hit Grinder.
Grinder is heavily wounded.
You strike the helpless Grinder from behind!
You thump Grinder!
Grinder is severely wounded.
Grinder gestures at you.
You suddenly lose the ability to move!
Grinder struggles against the net.
Grinder struggles against the net. x2
Grinder gestures at you. Pain shoots through your body!
Grinder struggles against the net.
The net rips apart, and Grinder comes free!
You can move again.
You hit Grinder.
Grinder is severely wounded.
Grinder gestures at you.
You shrug off the repeated paralysis!
You closely miss Grinder.
Grinder is severely wounded.
Grinder gestures at you.
You barely resist. You barely miss Grinder.
Grinder is severely wounded.
Grinder hits you but does no damage.
You completely miss Grinder.
Grinder is severely wounded.
Grinder gestures at you.
You suddenly lose the ability to move!
Grinder blinks!
You can move again.
Grinder gestures at you. You resist with significant effort.
Grinder gestures at you. Pain shoots through your body!
Grinder hits you but does no damage.
You hit Grinder but do no damage.
Grinder is severely wounded.
Grinder says, "What is the universe for?"
Grinder gestures at you. Pain shoots through your body!
You hit Grinder but do no damage.
Grinder is severely wounded.
Grinder hits you but does no damage.
You closely miss Grinder.
Grinder is severely wounded.
Grinder hits you.
You sock Grinder!
Grinder is almost dead.
Grinder hits you but does no damage.
You barely miss Grinder.
Grinder is almost dead.
Grinder hits you.
You writhe in agony.
You barely miss Grinder.
Grinder is almost dead.
Grinder gestures at you. Pain shoots through your body!
* * * LOW HITPOINT WARNING * * *
You closely miss Grinder.
Grinder is almost dead.
Grinder hits you but does no damage.
Your leather armour prevents you from hitting Grinder.
Grinder is almost dead.
Grinder hits you!
You die...

#....# # #....#
...##....#####
...''....'...#
...##.<.^###.#####
. #.............#
#.#######.###.#
#.#<....... #5#
#.........# #@#
########### #.#
#.# #....(#
#######


You could see Grinder.

Vanquished Creatures
  An orc priest (D:3)
  An orc wizard (D:3)
  2 adders (D:3)
  2 worms
  A dart slug (D:3)
  2 leopard geckos (D:3)
  An orc (D:3)
  A giant cockroach (D:3)
  5 goblins
  3 hobgoblins
  3 kobolds
  A quokka (D:3)
  4 bats
  3 frilled lizards
  A rat (D:3)
31 creatures vanquished.

Notes
Turn   | Place    | Note
-------+----------+-------------------------------------------
     0 | D:1      | EnegeticOcto the Halfling Gladiator began the quest for the
                  | Orb.
     0 | D:1      | Reached XP level 1. HP: 14/14 MP: 1/1
    85 | D:2      | Reached XP level 2. HP: 18/19 MP: 2/2
   263 | D:3      | Reached skill level 3 in Staves
   263 | D:3      | Reached XP level 3. HP: 24/24 MP: 3/3
   306 | D:3      | Found a stormy altar of Qazlal.
   306 | D:3      | Found a basalt altar of Yredelemnul.
   311 | D:3      | Found a broken altar of Ashenzari.
   313 | D:3      | Found a bloodstained altar of Trog.
   314 | D:3      | Found a white marble altar of Elyvilon.
   325 | D:3      | Became a worshipper of Elyvilon the Healer
   345 | D:3      | Found a snail-covered altar of Cheibriados.
   472 | D:3      | Reached XP level 4. HP: 26/29 MP: 4/4
   478 | D:3      | Reached skill level 4 in Staves
   512 | D:3      | Reached skill level 2 in Fighting
   512 | D:3      | Reached XP level 5. HP: 17/34 MP: 5/5
   652 | D:4      | Noticed Grinder
   663 | D:4      | Paralysed by Grinder for 6 turns
   672 | D:4      | Paralysed by Grinder for 4 turns
   686 | D:4      | Slain by Grinder

Illustrated notes

Levels and vault maps discovered:
D:1:      nzn_arrival_settlement, layout_loops_ring,
          kennysheep_decorative_pillar
D:2:      layout_basic
D:3:      layout_loops_ring, chequers_temple_overflow_minitemple,
          minmay_misc_feat_rows, kennysheep_slug_shrine
D:4:      layout_basic, minmay_checkerbox, uniq_grinder, uniq_sigmund

Skill      XL: |  1  2  3  4 |
---------------+-------------+-----
Staves         | 3 4 |  4.3
Fighting       | 2 |  2.1
Throwing       | |  2.1
Dodging        | |  3.3

Action                   |  1- 3 |  4- 6 || total
-------------------------+-------+-------++-------
Melee: Quarterstaff      |    62 |    53 ||   115
Throw: Stone             |     8 |       ||     8
       Throwing net      |       |     3 ||     3
  Use: Potion            |       |     1 ||     1
 Stab: Held in net/web   |       |     2 ||     2
Armor: Leather armour    |    17 |    12 ||    29
Dodge: Dodged            |    71 |    24 ||    95

Table legend: (Time is in decaauts)
 A = Elapsed time spent in this place.
 B = Non-inter-level travel time spent in this place.
 C = Inter-level travel time spent in this place.
 D = Time resting spent in this place.
 E = Time spent auto-exploring this place.
 F = Levels seen in this place.
 G = Mean time per level.
                   A        B        C        D        E       F      G
               +--------+--------+--------+--------+--------+-----+--------+
         Total |    702 |    679 |     23 |      0 |      0 |   4 |  175.5 |
       Dungeon |    702 |    679 |     23 |      0 |      0 |   4 |  175.5 |
               +--------+--------+--------+--------+--------+-----+--------+

Top non-repeatable levels by time:
     D:3: 385 daAuts
     D:2: 207 daAuts
     D:4: 57 daAuts
     D:1: 52 daAuts
